Kradschützen Motorcycle Team
Construct Light Support Kompanie
Construct Light Support Kompanie
Selects Battlefield Espionage Battlegroup
Selects Battlefield Espionage Battlegroup
Selects Intel Disruption Beacon
Construct Mechanized Kompanie
Construct Panzerarmee Kommand
254 Reconnaissance Tractor
Walking Stuka Rocket Launcher
Selects 250/3 Funkpanzerwagen
Selects Anti-Tank Incendiary Munitions
Selects Operation Skorpion